 Dungeon Crawl Stone Soup version 0.22.1-2-g9c5b331383 (webtiles) character file.

247 Marnok the Covered (level 5, -2/47 HPs)
             Began as a Minotaur Fighter on Dec 5, 2018.
             Was an Initiate of Nemelex Xobeh.
             Slain by Prince Ribbit (8 damage)
             ... on level 5 of the Dungeon.
             The game lasted 00:11:04 (1663 turns).

Marnok the Covered (Minotaur Fighter)               Turns: 1663, Time: 00:11:05

Health: -2/47      AC:  7    Str: 26    XL:     5   Next: 85%
Magic:  4/4        EV:  9    Int:  5    God:    Nemelex Xobeh [......]
Gold:   125        SH: 10    Dex: 10    Spells: 4/4 levels left

rFire    . . .     SeeInvis .   a - +1 war axe
rCold    . . .     Gourm    .   c - +0 shield
rNeg     + . .     Faith    .   e - +1 ring mail {rN+}
rPois    .         Spirit   .   (helmet restricted)
rElec    .         Reflect  .   (no cloak)
rCorr    .         Harm     .   (no gloves)
MR       .....                  (no boots)
Stlth    ..........             (no amulet)
HPRegen  0.15/turn              (no ring)
MPRegen  0.09/turn              (no ring)

@: mighty
A: retaliatory headbutt, horns 2
a: Renounce Religion


You were on level 5 of the Dungeon.
You worshipped Nemelex Xobeh.
Nemelex Xobeh was noncommittal.
You were not hungry.

You visited 1 branch of the dungeon, and saw 6 of its levels.
You also visited: Sewer.

You collected 125 gold pieces.

Inventory:

Hand Weapons
 a - a +1 war axe (weapon)
Armour
 c - a +0 shield (worn)
 e - a +1 ring mail of positive energy (worn)
Scrolls
 g - 3 scrolls of teleportation
 i - a scroll of identify
Potions
 b - a potion of agility {unknown}
 j - 2 potions of brilliance
 n - a potion of flight
 o - a potion of heal wounds {unknown}
Miscellaneous
 m - a plain deck of destruction {drawn: 4}
Comestibles
 f - 2 rations


   Skills:
 + Level 4.4 Fighting
 + Level 4.8 Axes
 + Level 5.0 Armour
 + Level 1.1 Dodging
 + Level 4.7 Shields
 + Level 0.5 Invocations


You had 4 spell levels left.
You didn't know any spells.
Your spell library was empty.

Dungeon Overview and Level Annotations

Branches:
Dungeon (6/15)
 Temple: D:4-7

Altars:
Cheibriados
Nemelex Xobeh
Uskayaw

Annotations:
D:5 Prince Ribbit


Innate Abilities, Weirdness & Mutations

You reflexively headbutt those who attack you in melee.
You have a pair of horns on your head.


Message History

You barely miss Prince Ribbit. Prince Ribbit hits you!
Prince Ribbit closely misses you.
You hit Prince Ribbit but do no damage.
Prince Ribbit hits you but does no damage.
You block Prince Ribbit's attack.
You slash Prince Ribbit!
Prince Ribbit is moderately wounded.
Prince Ribbit hits you but does no damage.
You block Prince Ribbit's attack.
You closely miss Prince Ribbit. Your headbutt misses Prince Ribbit.
Prince Ribbit is moderately wounded.
Prince Ribbit hits you!
* * * LOW HITPOINT WARNING * * *
Prince Ribbit closely misses you.
You feel better. Prince Ribbit hits you!
* * * LOW HITPOINT WARNING * * *
You feel very mighty all of a sudden. Prince Ribbit hits you!
You die...
Your body disappears without a glow.

#.#
#.#####.#
#.#
#.......#
#+#
#######.#
#.# ##.#
##..#
####...##
+
+....F..#
#
####..@##
#...#
#...#
#...#
##.## #.
#. #.


You could see Prince Ribbit.

Vanquished Creatures
  An ogre (D:5)
  A big kobold (Sewer)
  An iron imp (D:3)
  2 river rats (Sewer)
  An adder (D:5)
  2 worms
  A dart slug (D:1)
  2 leopard geckos
  3 ball pythons (D:5)
  2 giant cockroaches (D:5)
  4 goblins
  2 hobgoblins
  A jackal (Sewer)
  A quokka (D:3)
  A bat (D:3)
  2 frilled lizards
  4 kobolds
  5 rats
36 creatures vanquished.

Notes
Turn   | Place    | Note
-------+----------+-------------------------------------------
     0 | D:1      | Marnok the Minotaur Fighter began the quest for the Orb.
     0 | D:1      | Reached XP level 1. HP: 19/19 MP: 0/0
   269 | D:1      | Reached XP level 2. HP: 27/27 MP: 1/1
   375 | D:3      | Found a snail-covered altar of Cheibriados.
   462 | D:3      | Found a sparkling altar of Nemelex Xobeh.
   478 | D:3      | Became a worshipper of Nemelex Xobeh the Trickster
   714 | D:3      | Found a hide-covered altar of Uskayaw.
   754 | D:3      | Received a gift from Nemelex Xobeh
   776 | D:3      | Noticed Grinder
   778 | D:3      | Paralysed by Grinder for 6 turns
   787 | D:3      | Reached skill level 4 in Armour
   788 | D:3      | Noticed Grinder
   788 | D:3      | Grinder changed into Grinder the iron imp
   795 | D:3      | Killed Grinder the iron imp
   795 | D:3      | Reached XP level 3. HP: 12/33 MP: 2/2
  1077 | D:5      | Entered Level 5 of the Dungeon
  1145 | D:5      | Noticed an ogre
  1153 | D:5      | Killed an ogre
  1153 | D:5      | Reached XP level 4. HP: 20/40 MP: 3/3
  1153 | D:5      | Reached XP level 5. HP: 23/46 MP: 4/4
  1180 | D:5      | Found a glowing drain.
  1189 | Sewer    | Entered a sewer
  1401 | Sewer    | Reached skill level 5 in Armour
  1401 | Sewer    | Reached skill level 1 in Dodging
  1424 | Sewer    | Found a white marble altar of Elyvilon.
  1653 | D:5      | Noticed Prince Ribbit
  1663 | D:5      | Slain by Prince Ribbit

Skill      XL: |  1  2  3  4  5 |
---------------+----------------+-----
Fighting       | 4 |  4.4
Armour         | 4 5 |  5.0
Axes           | 3 4 |  4.8
Shields        | 4 |  4.7
Dodging        | 1 |  1.1
Invocations    | |  0.5

Action                   |  1- 3 |  4- 6 || total
-------------------------+-------+-------++-------
Melee: War axe           |    71 |    29 ||   100
       Headbutt          |     7 |     7 ||    14
Evoke: Deck              |     4 |       ||     4
  Use: Scroll            |     4 |     1 ||     5
       Potion            |     3 |     3 ||     6
  Eat: Chunk             |     1 |     1 ||     2
       Ration            |       |     1 ||     1
Armor: Scale mail        |    25 |    13 ||    38
       Ring mail         |       |     9 ||     9
Dodge: Dodged            |    22 |    17 ||    39
Block: Shield            |    43 |    26 ||    69
